 Dungeon Crawl Stone Soup version 0.31-a0-806-g0bc164a743 (console) character file.

Game seed: 17103591075054272501

132 capslocke the Magician (level 4, -2/3 HPs)
             Began as a Demonspawn Hedge Wizard on Sept 21, 2023.
             Slain by an adder (4 damage)
             ... on level 3 of the Dungeon.
             The game lasted 00:13:12 (2804 turns).

capslocke the Magician (Demonspawn Hedge Wizard)    Turns: 2804, Time: 00:13:12

Health: -2/3       AC:  2    Str: 22    XL:     4   Next: 92%
Magic:  8/10       EV: 10    Int: 17    God:
Gold:   92         SH:  0    Dex: 12    Spells: 9/12 levels left

rFire   . . .        q - melded +0 long sword
rCold   . . .        (shield currently unavailable)
rNeg    . . .        b - melded +0 robe
rPois   .            t - melded +0 helmet
rElec   .            (cloak currently unavailable)
rCorr   .            (gloves currently unavailable)
SInv    .            (boots currently unavailable)
Will    .....        k - amulet of magic regeneration
Stlth   ++           a - +6 ring of strength
HPRegen 0.20/turn    (no ring)
MPRegen 0.52/turn

%: no passive effects
@: snake-form
A: constrict, reduced hp, large, (molten scales 1), ignite blood 2
a: Begin Untransformation


You were on level 3 of the Dungeon.
You were an enormous anaconda.
You visited 1 branch of the dungeon, and saw 3 of its levels.

You collected 92 gold pieces.

Inventory:

Hand Weapons
 q - a +0 long sword (melded)
Missiles
 f - a throwing net
Armour
 b - a +0 robe (melded)
 c - a +0 hat
 t - a +0 helmet (melded)
Magical Staves
 u - a staff of air
Jewellery
 a - a +6 ring of strength (left hand)
 h - a ring of flight
 k - an amulet of magic regeneration (around neck)
 r - a ring of flight
Talismans
 v - a maw talisman
 w - a serpent talisman (active)
Scrolls
 i - 2 scrolls of identify {unknown}
 j - 2 scrolls of amnesia {unknown}
 n - 2 scrolls of teleportation {unknown}
 o - a scroll of fog {unknown}
 p - a scroll of enchant armour {unknown}
 s - a scroll of fear {unknown}
Potions
 d - a potion of magic
 e - 3 potions of heal wounds {unknown}
 g - a potion of enlightenment {unknown}
 l - a potion of invisibility {unknown}
 m - 3 potions of curing {unknown}


   Skills:
 + Level 1.1 Fighting
 + Level 2.2 Dodging
 - Level 1.7 Stealth
 + Level 4.5 Spellcasting
 + Level 1.3 Conjurations
 + Level 1.8 Summonings
 + Level 0.8 Translocations


You had 9 spell levels left.
You knew the following spells:

 Your Spells              Type           Power      Damage    Failure   Level
a - Magic Dart            Conj           32%        1d4       9%          1
b - Call Imp              Summ           20%        N/A       11%         2

Your spell library contained the following spells:

 Spells                   Type           Power      Damage    Failure   Level
 Searing Ray              Conj           16%        2d5       13%         2
 Slow                     Hex            12%        N/A       16%         1
 Blink                    Tloc           12%        N/A       16%         2
 Cigotuvi's Dreadful Rot  Necr/Pois/Air  6%         N/A       22%         2
 Sublimation of Blood     Necr           3%         N/A       22%         2
 Wereblood                Tmut           3%         N/A       22%         2
 Mephitic Cloud           Conj/Pois/Air  5%         N/A       36%         3
 Fulminant Prism          Conj/Hex       3%         3d5       75%         4
 Summon Hydra             Summ           5%         N/A       100%        7


Dungeon Overview and Level Annotations

Branches:
Dungeon (3/15)

Altars:


Innate Abilities, Weirdness & Mutations

You are an enormous anaconda.
You have a powerful constriction melee attack.
Your maximum health is decreased, since you lack skill for your form.
Your armour is entirely melded.
You are incapable of wielding weapons or throwing items.
((You are partially covered in molten scales. (AC +2)))
Your demonic aura often causes spilled blood to erupt in flames.


Message History

Casting: Magic Dart (safe; 9% risk of failure)
Confirm with . or Enter, or press ? or * to list all spells.
Aiming: Magic Dart (safe; 9% risk of failure)
Press: ? - help, Shift-Dir - straight line, f/p - dart slug
Aim: a dart slug (almost dead, ally target, 100% to hit)
The magic dart hits the dart slug.
The dart slug is almost dead.
The adder closely misses your cerulean imp.
Casting: Magic Dart (safe; 9% risk of failure)
Confirm with . or Enter, or press ? or * to list all spells.
Aiming: Magic Dart (safe; 9% risk of failure)
Press: ? - help, Shift-Dir - straight line, f/p - dart slug
Aim: a dart slug (almost dead, ally target, 100% to hit)
The magic dart hits the dart slug but does no damage.
The dart slug is almost dead.
Your cerulean imp completely misses the adder.
The adder closely misses your cerulean imp.
Casting: Magic Dart (safe; 9% risk of failure)
Confirm with . or Enter, or press ? or * to list all spells.
Aiming: Magic Dart (safe; 9% risk of failure)
Press: ? - help, Shift-Dir - straight line, f/p - dart slug
Aim: a dart slug (almost dead, ally target, 100% to hit)
The magic dart hits the dart slug.
You kill the dart slug!
Your cerulean imp closely misses the adder.
The adder barely misses your cerulean imp.
Your cerulean imp closely misses the adder.
The adder misses your cerulean imp.
The adder closely misses your cerulean imp.
Your cerulean imp barely misses the adder.
The adder bites your cerulean imp.
Your cerulean imp is poisoned.
The adder poisons your cerulean imp!
Your cerulean imp closely misses the adder.
The adder misses your cerulean imp.
Found 13 gold pieces.
Something closely misses your cerulean imp.
The adder bites you. x2
Ouch! That really hurt!
You die...

####.#### #.......#
#.##.##.# # #..#.##
#### ##.#.#. ..#
#.###)#.#. #.#
#.......#.
###.##########.###.
# #.........#
#.<...
....##S#5#####.#
###### .......S.#
#.# ..$...†...# #.#
.....#.##.# #.#
##.. .. .# #.# ..#
.## .# ##.####### #
.. .# #....~...# ..
...... #..#~P♣#.###
... .....
#..♣~~~♣)..) .....
##..~~~~~....
.....#...♣~~~♣♣...
...#..)~~~~~♣###


You could see an adder (ally target) and a friendly cerulean imp (summoned,
poisoned).

Vanquished Creatures
  Robin (D:2)
  3 adders (D:2)
  3 dart slugs
  3 orcs (D:3)
  2 ball pythons
  8 bats
  7 endoplasms (D:1)
  2 giant cockroaches
  9 goblins
  A hobgoblin (D:2)
  6 jackals
  3 quokkas
  5 frilled lizards
  4 kobolds
  4 rats
61 creatures vanquished.

Vanquished Creatures (collateral kills)
  A worm (D:2)
  An endoplasm (D:3)
  2 giant cockroaches
  5 goblins (D:2)
  A hobgoblin (D:2)
  A jackal (D:2)
  A ball python (D:3)
  A bat (D:1)
13 creatures vanquished.

Grand Total: 74 creatures vanquished

Notes
Turn   | Place    | Note
-------+----------+-------------------------------------------
     0 | D:1      | capslocke the Demonspawn Hedge Wizard began the quest for
                  | the Orb.
     0 | D:1      | Reached XP level 1. HP: 13/13 MP: 4/4
   270 | D:1      | Gained mutation: You are partially covered in molten
                  | scales. (AC +2) [demonic ancestry]
   270 | D:1      | Reached XP level 2. HP: 14/20 MP: 3/6
   509 | D:1      | Learned a level 2 spell: Call Imp
   957 | D:1      | Gained mutation: Your demonic aura sometimes causes spilled
                  | blood to erupt in flames. [demonic ancestry]
   957 | D:1      | Reached XP level 3. HP: 25/25 MP: 0/8
  1313 | D:1      | Found a faded altar of an unknown god.
  1375 | D:2      | Noticed Robin
  1513 | D:2      | Reached skill level 1 in Fighting
  1647 | D:2      | Reached skill level 4 in Spellcasting
  1750 | D:2      | Gained mutation: Your demonic aura often causes spilled
                  | blood to erupt in flames. [demonic ancestry]
  1750 | D:2      | Reached XP level 4. HP: 31/32 MP: 10/10
  2489 | D:2      | Killed Robin
  2804 | D:3      | Slain by an adder

Illustrated notes

Levels and vault maps discovered:
D:1:      minmay_arrival_three_doors, layout_basic,
          dilly_ecumenical_altar_fadedgnrine, minmay_hexomino_r4
D:2:      layout_loops_corners, serial_forest, infiniplex_forest_lined_3_way,
          infiniplex_forest_straight_4, infiniplex_forest_clump_tiny,
          infiniplex_forest_end_2, infiniplex_forest_clump_medium,
          infiniplex_forest_lined_3_way, infiniplex_forest_lined_room_2,
          infiniplex_forest_end_3, infiniplex_forest_clump_double,
          minmay_cupped, uniq_robin
D:3:      layout_loops_cross, serial_bayou_ford_a, minivault_14,
          minmay_curled_crystal, chequers_serial_rivers_room_a,
          minmay_box_of_dots, uniq_jessica, uniq_crazy_yiuf_cottage,
          uniq_natasha

Skill      XL: |  1  2  3 |
---------------+----------+-----
Dodging        | 2 |  2.2
Fighting       | 1 |  1.1
Spellcasting   | 4 |  4.5
Stealth        | |  1.7
Conjurations   | |  1.3
Summonings     | |  1.8
Translocations | |  0.8

Action                     |  1- 3 |  4- 6 || total
---------------------------+-------+-------++-------
  Melee: Dagger            |    81 |       ||    81
         Long sword        |       |    13 ||    13
   Cast: Magic Dart        |    69 |    66 ||   135
         Call Imp          |    12 |    14 ||    26
 Armour: Robe              |    49 |    28 ||    77
         Skin              |       |     3 ||     3
  Dodge: Dodged            |    61 |    39 ||   100
   Form: Anaconda          |       |     1 ||     1

Table legend: (Time is in decaauts)
 A = Elapsed time spent in this place.
 B = Non-inter-level travel time spent in this place.
 C = Inter-level travel time spent in this place.
 D = Time resting spent in this place.
 E = Time spent auto-exploring this place.
 F = Levels seen in this place.
 G = Mean time per level.
                   A        B        C        D        E       F      G
               +--------+--------+--------+--------+--------+-----+--------+
         Total |   2808 |   2717 |     91 |    612 |   1511 |   3 |  936.0 |
       Dungeon |   2808 |   2717 |     91 |    612 |   1511 |   3 |  936.0 |
               +--------+--------+--------+--------+--------+-----+--------+

Top non-repeatable levels by time:
     D:1: 1407 daAuts
     D:2: 1166 daAuts
     D:3: 234 daAuts
